 Dungeon Crawl Stone Soup version 0.30.1-6-gbe392663c4 (webtiles) character file.

Game seed: 2014713251152046299

51 hammerheadyak the Firebug (level 3, -3/25 HPs)
             Began as a Demonspawn Fire Elementalist on Sept 22, 2023.
             Killed from afar by Jessica (17 damage)
             ... with a bolt of dispelling energy
             ... on level 2 of the Dungeon.
             The game lasted 00:02:49 (1247 turns).

hammerheadyak the Firebug (DsFE)                    Turns: 1247, Time: 00:02:49

Health: -3/25      AC:  3    Str: 10    XL:     3   Next: 57%
Magic:  7/7        EV: 12    Int: 16    God:
Gold:   85         SH:  0    Dex: 13    Spells: 6/7 levels left

rFire   . . .        e - +0 dagger
rCold   . . .        (no shield)
rNeg    . . .        a - +0 robe
rPois   .            (no helmet)
rElec   .            (no cloak)
rCorr   .            (no gloves)
SInv    .            (no boots)
Will    .....        (no amulet)
Stlth   ++           (no ring)
HPRegen 0.24/turn    (no ring)
MPRegen 0.10/turn

%: no passive effects
@: no status effects
A: sharp scales 1
a: no special abilities


You were on level 2 of the Dungeon.
You visited 1 branch of the dungeon, and saw 2 of its levels.

You collected 85 gold pieces.

Inventory:

Hand Weapons
 e - a +0 dagger (weapon)
Armour
 a - a +0 robe (worn)
Scrolls
 c - 5 scrolls of identify {unknown}
 d - a scroll of teleportation {unknown}
 f - a scroll of magic mapping {unknown}
Potions
 b - a potion of magic
 g - a potion of attraction {unknown}


   Skills:
 + Level 0.7 Fighting
 + Level 2.0 Dodging
 - Level 1.7 Stealth
 * Level 2.8 Spellcasting
 + Level 1.4 Conjurations
 * Level 3.1 Fire Magic


You had 6 spell levels left.
You knew the following spells:

 Your Spells              Type           Power      Damage    Failure   Level
a - Foxfire               Conj/Fire      36%        2x1d5     8%          1

Your spell library contained the following spells:

 Spells                   Type           Power      Damage    Failure   Level
 Scorch                   Fire           24%        2d6       8%          2
 Sublimation of Blood     Necr           2%         N/A       28%         2
 Inner Flame              Hex/Fire       7%         N/A       30%         3
 Volatile Blastmotes      Fire/Tloc      14%        2d11      30%         3
 Flame Wave               Conj/Fire      9%         2d6       58%         4
 Petrify                  Tmut/Erth      2%         N/A       88%         4
 Irradiate                Conj/Tmut      2%         3d12      98%         5


Dungeon Overview and Level Annotations

Branches:
Dungeon (2/15)

Altars:

Annotations:
D:2 Jessica


Innate Abilities, Weirdness & Mutations

You are partially covered in razor-sharp scales. (AC +1, Slay +1)


Message History

The bat is severely wounded.
The foxfire hits the bat.
You kill the bat!
The foxfire hits the adder.
The adder is heavily wounded.
Casting: Foxfire (safe; 8% risk of failure)
Confirm with . or Enter, or press ? or * to list all spells.
You conjure some foxfire!
The foxfire hits the adder.
The adder is severely wounded.
The adder bites you.
Unknown command.
The adder attacks as you move away! The adder barely misses you.
The foxfire hits the adder.
The adder is almost dead.
The foxfire hits the adder.
You kill the adder!
You see here a bat corpse.
You open the door.
There is an open door here.
A kobold comes into view. It is wielding a +0 whip.
The helpless kobold fails to defend itself.
You hit the kobold.
You kill the kobold!
No target in view!
No target in view!
Things that are here:
a +0 whip; 4 stones
Found a stone staircase leading down.
g - a murky red potion No target in view!
Jessica the Apprentice Sorceress comes into view.
She is wielding a +0 club and carrying a wand of quicksilver (12).
Jessica mumbles some strange words.
Jessica blinks!
No target in view!
No target in view!
No target in view!
Jessica zaps a wand.
The bolt of dispelling energy hits you!
Jessica zaps a wand.
The bolt of dispelling energy hits you!
Ouch! That really hurt!
You die...

#.# ##.....##
####.# #.#
##...## #.#
#.# #+## ##.#
..# #..# ..#
#.## #.# #.#
...#########.#
#@...@.....#
....##########
#


You could see Jessica.

Vanquished Creatures
  An adder (D:2)
  3 dart slugs (D:1)
  6 bats
  4 endoplasms
  A goblin (D:1)
  4 hobgoblins (D:1)
  5 kobolds
  3 quokkas
  A ball python (D:1)
  4 frilled lizards (D:1)
  2 rats (D:1)
34 creatures vanquished.

Vanquished Creatures (others)
  19 foxfires
19 creatures vanquished.

Grand Total: 53 creatures vanquished

Notes
Turn   | Place    | Note
-------+----------+-------------------------------------------
     0 | D:1      | hammerheadyak the Demonspawn Fire Elementalist began the
                  | quest for the Orb.
     0 | D:1      | Reached XP level 1. HP: 13/13 MP: 3/3
   203 | D:1      | Gained mutation: You are partially covered in razor-sharp
                  | scales. (AC +1, Slay +1) [demonic ancestry]
   203 | D:1      | Reached XP level 2. HP: 5/19 MP: 1/5
   436 | D:1      | Reached skill level 3 in Fire Magic
   734 | D:1      | Reached XP level 3. HP: 24/25 MP: 6/6
  1242 | D:2      | Noticed Jessica
  1247 | D:2      | Killed from afar by Jessica

Illustrated notes

Levels and vault maps discovered:
D:1:      dpeg_arrival_pits, layout_loops_ring, minivault_27
D:2:      layout_loops_corners, uniq_jessica

Skill      XL: |  1  2 |
---------------+-------+-----
Fire Magic     | 3 |  3.1
Dodging        | 2 |  2.0
Fighting       | |  0.7
Stealth        | |  1.7
Spellcasting   | |  2.8
Conjurations   | |  1.4

Action                     || total
---------------------------++-------
  Melee: Dagger            ||    91
         Punch             ||     1
   Cast: Foxfire           ||    12
   Stab: Sleeping          ||    11
 Armour: Robe              ||    14
  Dodge: Dodged            ||    48
